 Dungeon Crawl Stone Soup version 0.32-a0-43-g058985b245 (webtiles) character file.

Game seed: 1473724641979242328

13017 jlumianski the Grappler (level 12, 0/91 HPs)
             Began as a Gnoll Shapeshifter on Feb 3, 2024.
             Was a Priest of Wu Jian.
             Slain by an ice devil (7 damage)
             ... in an ice cave on Feb 4, 2024.
             The game lasted 00:58:27 (11262 turns).

jlumianski the Grappler (Gnoll Shapeshifter)       Turns: 11262, Time: 00:58:27

Health: 0/91       AC:  9    Str: 23    XL:     12   Next: 1%
Magic:  22/22      EV: 12    Int: 12    God:    Wu Jian [***...]
Gold:   532        SH:  9    Dex: 11    Spells: 21/25 levels left

rFire   . .          .
                       - Unarmed
rCold   + . .        x - +0 kite shield
rNeg    . . .        y - +2 scale mail {rF+}
rPois   .            q - melded +0 helmet {SInv}
rElec   .            (cloak currently unavailable)
rCorr   .            (gloves currently unavailable)
SInv    .            (boots currently unavailable)
Will    .....        w - amulet of regeneration
Stlth   ++           o - +6 ring of strength
HPRegen 1.15/turn    F - ring of ice
MPRegen 0.18/turn

%: no passive effects
@: beast-form, slowed, very slow
A: beast (slay +4), fangs 1, strong nose, distributed training
a: Begin Untransformation, Renounce Religion, Wall Jump, Serpent's Lash


You were in an ice cave.
You worshipped Wu Jian.
Wu Jian was most pleased with you.
You were a hulking beast.
You visited 3 branches of the dungeon, and saw 13 of its levels.
You also visited: Ice Cave.

You collected 693 gold pieces.
You spent 161 gold pieces at shops.

Inventory:

Missiles
 p - 3 datura-tipped darts
 r - 14 boomerangs
 A - 2 atropa-tipped darts
 D - 35 poisoned darts (quivered)
 E - a throwing net
Armour
 q - a +0 helmet of see invisible (melded)
 x - a +0 kite shield (worn)
 y - a +2 scale mail of fire resistance (worn)
Jewellery
 n - a ring of willpower
 o - a +6 ring of strength (left hand)
 s - a ring of flight
 w - an amulet of regeneration (around neck)
 F - a ring of ice (right hand)
 H - a +6 ring of strength
Talismans
 c - a beast talisman (active)
Wands
 a - a wand of roots (4)
 k - a wand of digging (6)
 t - a wand of paralysis (7)
 B - a wand of mindburst (7)
 C - a wand of flame (44)
Scrolls
 d - 2 scrolls of noise {unknown}
 g - 2 scrolls of silence
 i - a scroll of enchant weapon
 l - a scroll of immolation
 m - 5 scrolls of fear
 I - 2 scrolls of teleportation
 J - a scroll of amnesia
 K - a scroll of poison
 L - a scroll of fog {unknown}
 N - a scroll of blinking
 O - a scroll of summoning
 P - 3 scrolls of revelation {unknown}
Potions
 b - 2 potions of lignification
 e - a potion of might
 f - a potion of mutation
 h - 2 potions of attraction
 u - 3 potions of curing
 v - a potion of heal wounds {unknown}
 z - a potion of invisibility
 G - a potion of haste {unknown}


   Skills:
 + Level 7.6 Fighting
 + Level 7.1 Short Blades
 + Level 7.1 Long Blades
 + Level 7.1 Axes
 + Level 7.1 Maces & Flails
 + Level 7.1 Polearms
 + Level 7.1 Staves
 + Level 7.1 Ranged Weapons
 + Level 7.1 Throwing
 + Level 7.1 Armour
 + Level 8.5 Dodging
 + Level 7.1 Stealth
 + Level 7.1 Shields
 + Level 9.7 Unarmed Combat
 + Level 7.1 Spellcasting
 + Level 5.9 Conjurations
 + Level 5.9 Hexes
 + Level 5.9 Summonings
 + Level 5.9 Necromancy
 + Level 5.9 Translocations
 + Level 5.9 Fire Magic
 + Level 5.9 Ice Magic
 + Level 5.9 Air Magic
 + Level 5.9 Earth Magic
 + Level 5.9 Alchemy
 + Level 7.8 Invocations
 + Level 7.1 Evocations
 + Level 9.3 Shapeshifting


You had 21 spell levels left.
You knew the following spells:

 Your Spells              Type           Power      Damage    Failure   Level
a - Scorch                Fire           36%        2d6       10%         2
b - Mercury Vapours       Alch/Air       36%        N/A       10%         2

Your spell library contained the following spells:

 Spells                   Type           Power      Damage    Failure   Level
 Magic Dart               Conj           72%        1d6       6%          1
 Slow                     Hex            72%        N/A       6%          1
 Summon Small Mammal      Summ           72%        N/A       6%          1
 Searing Ray              Conj           36%        2d5       10%         2
 Call Canine Familiar     Summ           18%        N/A       19%         3
 Confusing Touch          Hex            18%        N/A       19%         3
 Mephitic Cloud           Conj/Alch/Air  18%        N/A       19%         3
 Sigil of Binding         Hex            18%        N/A       19%         3
 Vampiric Draining        Necr           18%        2d7       19%         3
 Flame Wave               Conj/Fire      18%        2d7       54%         4
 Fulminant Prism          Conj/Alch      9%         3d7       54%         4
 Manifold Assault         Tloc           18%        N/A       54%         4
 Summon Blazeheart Golem  Fire/Summ      18%        N/A       54%         4
 Freezing Cloud           Conj/Ice/Air   13%        6-21      87%         5
 Dispersal                Tloc           9%         N/A       100%        6
 Summon Cactus Giant      Summ           9%         N/A       100%        6
 Disjunction              Tloc           9%         N/A       100%        8


Dungeon Overview and Level Annotations

Branches:
Dungeon (11/15)            Temple (1/1) D:4            Lair (1/5) D:9
    Orc (0/2) D:9           IceCv (1/1)

Altars:
Ashenzari
Cheibriados
Dithmenos
Elyvilon
Fedhas
Gozag
Hepliaklqana
Kikubaaqudgha
Makhleb
Nemelex Xobeh
Okawaru
Qazlal
Ru
Sif Muna
Trog
Uskayaw
Vehumet
Wu Jian
Xom
Yredelemnul
Zin
The Shining One

Shops:
D:11 [


Innate Abilities, Weirdness & Mutations

You are a hulking beast.
Your limbs bulge with bestial killing power. (Slay +4)
You have very sharp teeth.
Your uncanny sense of smell can sniff out nearby items.
Your experience applies equally to all skills.


Message History

Aiming: Wall Jump
Press: ? - help, Dir - move target You repeatedly attack the ice devil from above.
You closely miss the ice devil.
The ice devil is heavily wounded.
You punch the ice devil! Your bite misses the ice devil.
The ice devil is almost dead.
The ice devil hits you. The ice devil freezes you! You resist.
The ice devil hits you!
* * * LOW HITPOINT WARNING * * *
The ice devil freezes you! You resist.
* * * LOW HITPOINT WARNING * * *
You are confused.
You feel invigorated. The freezing wraith barely misses you.
The freezing wraith hits you but does no damage.
The ice devil hits you but does no damage.
The freezing wraith hits you but does no damage. x2
The freezing wraith attacks as it pursues you!
The freezing wraith hits you but does no damage.
The freezing wraith hits you. The freezing wraith drains your vigour!
You feel yourself slow down. The ice devil hits you. The ice devil freezes you!
You resist.
* * * LOW HITPOINT WARNING * * *
The freezing wraith hits you but does no damage.
The freezing wraith closely misses you. The ice devil closely misses you.
The freezing wraith misses you.
The freezing wraith hits you but does no damage.
The ice devil hits you!
* * * LOW HITPOINT WARNING * * *
The ice devil freezes you! You resist.
* * * LOW HITPOINT WARNING * * *
You feel better.
You feel less invigorated. The freezing wraith closely misses you.
The freezing wraith hits you!
* * * LOW HITPOINT WARNING * * *
The freezing wraith drains your vigour!
You feel as though you will be slow longer.
The ice devil hits you.
* * * LOW HITPOINT WARNING * * *
The ice devil freezes you! You resist.
You die...

##...# ##..## ##....#
##....W## #.......# ####
#......## ######..##
#.......### ##..##....##
##.........###.W........#
#...........#..4h...∩.∩.#
#........##....##.......#
#.......####..#####....##
##.......# #### ##..##
##.#.#### #### #####


You could see an ice devil and a freezing wraith.

Vanquished Creatures
  4 two-headed ogres
  Pikel (D:4)
  A cyclops (D:8)
  Joseph (D:7)
  2 ice statues (IceCv)
  An efreet (D:9)
  An ice devil (IceCv)
  Grinder (D:6)
  2 wraiths
  17 yaks
  3 wyverns
  3 water moccasins
  2 ice beasts
  6 orc warriors
  2 black bears
  2 sky beasts
  2 wolves (D:9)
  The ghost of CraigForest the Covered, an amateur BaFi of Gozag (D:4)
  2 centaurs
  A lemure (D:4)
  2 phantoms
  2 kobold brigands
  2 bullfrogs
  2 gnoll sergeants
  A scorpion (D:7)
  2 two-headed ogre simulacra (IceCv)
  9 wights
  2 troll zombies (D:9)
  A howler monkey (D:6)
  4 crimson imps (D:10)
  4 jellies
  2 centaur skeletons (D:9)
  5 hounds
  11 orc priests
  2 sleepcaps
  Natasha (D:2)
  14 orc wizards
  4 iguanas
  A spriggan simulacrum (IceCv)
  A troll simulacrum (IceCv)
  A wolf simulacrum (IceCv)
  6 ogre zombies (D:9)
  A spectral howler monkey (D:9)
  A howler monkey zombie (D:9)
  16 gnolls
  A howler monkey skeleton (D:9)
  8 adders
  A shadow imp (D:5)
  7 white imps
  6 ufetubi
  3 ribbon worms
  2 dart slugs
  33 orcs
  9 ball pythons
  10 bats
  4 endoplasms
  A giant cockroach (D:3)
  9 goblins
  2 hobgoblins
  4 jackals
  14 kobolds
  6 quokkas
  A frilled lizard (D:2)
  5 gnoll skeletons (D:9)
  2 gnoll zombies (D:9)
  3 orc skeletons (D:9)
  15 orc zombies (D:9)
  2 rats
300 creatures vanquished.

Notes
Turn   | Place    | Note
-------+----------+-------------------------------------------
     0 | D:1      | jlumianski the Gnoll Shapeshifter began the quest for the
                  | Orb.
     0 | D:1      | Reached XP level 1. HP: 17/17 MP: 1/1
   182 | D:1      | Reached XP level 2. HP: 17/23 MP: 2/2
   501 | D:2      | Reached XP level 3. HP: 20/28 MP: 3/3
   567 | D:2      | Reached skill level 1 in Invocations
   834 | D:2      | Noticed Natasha
   844 | D:2      | Killed Natasha
   845 | D:2      | Reached skill level 1 in Short Blades
   845 | D:2      | Reached skill level 1 in Long Blades
   845 | D:2      | Reached skill level 1 in Axes
   845 | D:2      | Reached skill level 1 in Maces & Flails
   845 | D:2      | Reached skill level 1 in Polearms
   845 | D:2      | Reached skill level 1 in Staves
   845 | D:2      | Reached skill level 1 in Ranged Weapons
   845 | D:2      | Reached skill level 1 in Throwing
   845 | D:2      | Reached skill level 1 in Armour
   845 | D:2      | Reached skill level 1 in Stealth
   845 | D:2      | Reached skill level 1 in Shields
   845 | D:2      | Reached skill level 1 in Spellcasting
   845 | D:2      | Reached skill level 1 in Evocations
   845 | D:2      | Reached XP level 4. HP: 29/34 MP: 5/5
  1009 | D:2      | Found a faded altar of an unknown god.
  1025 | D:2      | Reached skill level 1 in Conjurations
  1025 | D:2      | Reached skill level 1 in Hexes
  1025 | D:2      | Reached skill level 1 in Summonings
  1025 | D:2      | Reached skill level 1 in Necromancy
  1025 | D:2      | Reached skill level 1 in Translocations
  1025 | D:2      | Reached skill level 1 in Fire Magic
  1025 | D:2      | Reached skill level 1 in Ice Magic
  1025 | D:2      | Reached skill level 1 in Air Magic
  1025 | D:2      | Reached skill level 1 in Earth Magic
  1025 | D:2      | Reached skill level 1 in Alchemy
  1285 | D:4      | Noticed CraigForest's ghost (amateur BaFi)
  1285 | D:4      | Found a runed translucent door.
  1295 | D:4      | Noticed a black bear
  1349 | D:3      | Reached XP level 5. HP: 38/40 MP: 5/7
  1740 | D:3      | Found a basalt altar of Yredelemnul.
  2025 | D:3      | Reached XP level 6. HP: 47/47 MP: 8/8
  2202 | D:2      | Reached skill level 5 in Dodging
  2558 | D:4      | Killed a black bear
  2570 | D:5      | Entered Level 5 of the Dungeon
  2623 | D:4      | Reached XP level 7. HP: 25/52 MP: 10/10
  3272 | D:4      | Found a staircase to the Ecumenical Temple.
  3278 | Temple   | Entered the Ecumenical Temple
  3571 | D:4      | Killed CraigForest's ghost
  3717 | D:5      | Noticed Pikel
  3760 | D:4      | Killed Pikel
  3761 | D:4      | Reached XP level 8. HP: 46/60 MP: 11/13
  4537 | D:5      | Reached XP level 9. HP: 34/66 MP: 14/14
  4607 | D:6      | Noticed Grinder
  4608 | D:6      | Paralysed by Grinder for 4 turns
  4623 | D:6      | Killed Grinder
  4705 | D:6      | Reached skill level 5 in Fighting
  4915 | D:6      | Found a radiant altar of Vehumet.
  4965 | D:6      | Found a stormy altar of Qazlal.
  5175 | D:6      | Found a white marble altar of Elyvilon.
  5180 | D:6      | Found a shimmering blue altar of Sif Muna.
  5185 | D:6      | Found a bloodstained altar of Trog.
  5399 | D:7      | Reached skill level 5 in Invocations
  6143 | D:7      | Noticed Joseph
  6158 | D:7      | Killed Joseph
  6159 | D:7      | Reached skill level 5 in Short Blades
  6159 | D:7      | Reached skill level 5 in Long Blades
  6159 | D:7      | Reached skill level 5 in Axes
  6159 | D:7      | Reached skill level 5 in Maces & Flails
  6159 | D:7      | Reached skill level 5 in Polearms
  6159 | D:7      | Reached skill level 5 in Staves
  6159 | D:7      | Reached skill level 5 in Ranged Weapons
  6159 | D:7      | Reached skill level 5 in Throwing
  6159 | D:7      | Reached skill level 5 in Armour
  6159 | D:7      | Reached skill level 5 in Stealth
  6159 | D:7      | Reached skill level 5 in Shields
  6159 | D:7      | Reached skill level 5 in Spellcasting
  6159 | D:7      | Reached skill level 5 in Evocations
  6212 | D:8      | Found an iron altar of Okawaru.
  6219 | D:8      | Noticed a cyclops
  6298 | D:7      | Reached XP level 10. HP: 71/76 MP: 17/17
  6584 | D:8      | Killed a cyclops
  7132 | D:8      | Found an ornate altar of the Wu Jian Council.
  7139 | D:8      | Became a worshipper of the Wu Jian Council
  7955 | D:9      | Noticed a two-headed ogre
  7962 | D:9      | Killed a two-headed ogre
  7967 | D:9      | Found a staircase to the Lair.
  8082 | D:9      | Found a staircase to the Orcish Mines.
  8083 | D:9      | Noticed a two-headed ogre
  8083 | D:9      | Noticed a two-headed ogre
  8133 | D:9      | Killed a two-headed ogre
  8154 | D:8      | Reached skill level 5 in Conjurations
  8154 | D:8      | Reached skill level 5 in Hexes
  8154 | D:8      | Reached skill level 5 in Summonings
  8154 | D:8      | Reached skill level 5 in Necromancy
  8154 | D:8      | Reached skill level 5 in Translocations
  8154 | D:8      | Reached skill level 5 in Fire Magic
  8154 | D:8      | Reached skill level 5 in Ice Magic
  8154 | D:8      | Reached skill level 5 in Air Magic
  8154 | D:8      | Reached skill level 5 in Earth Magic
  8154 | D:8      | Reached skill level 5 in Alchemy
  8167 | D:8      | Reached XP level 11. HP: 78/83 MP: 20/20
  8482 | D:9      | Reached * piety under Wu Jian
  8668 | D:10     | Entered Level 10 of the Dungeon
  8704 | D:10     | Reached ** piety under Wu Jian
  8981 | D:9      | Killed a two-headed ogre
  9129 | D:9      | Learned a level 2 spell: Scorch
  9132 | D:9      | Learned a level 2 spell: Mercury Vapours
  9366 | D:10     | Noticed a two-headed ogre
  9382 | D:10     | Killed a two-headed ogre
  9948 | D:11     | Found Zaheuchope's Armour Boutique.
  9967 | D:10     | Reached *** piety under Wu Jian
 10359 | D:11     | Bought a +0 helmet of see invisible for 161 gold pieces
 10461 | D:11     | Noticed a skeletal warrior
 10461 | D:11     | Noticed a skeletal warrior
 10461 | D:11     | Noticed a skeletal warrior
 10524 | Lair:1   | Entered Level 1 of the Lair of Beasts
 10532 | Lair:1   | Found a frozen archway.
 10776 | IceCv    | Entered an ice cave
 11064 | IceCv    | Reached XP level 12. HP: 37/91 MP: 22/22
 11262 | IceCv    | Slain by an ice devil

Illustrated notes

Levels and vault maps discovered:
D:1:      scummos_arrival_simple_crosswalls, layout_rooms, moated_statue
D:2:      layout_loops_ring, ebering_ecumenical_altar_rust, uniq_natasha
D:3:      layout_loops_corners, pf_just_have_faith, corexii_leaking_fountain
D:4:      layout_rooms, minmay_temple_entry_enclosed_plants,
          hellmonk_ghost_happy_afterlife, small_statue_intersection
D:5:      layout_cave_pools, uniq_pikel
D:6:      layout_rooms, vehumet_altar_wand_db, lemuel_doored_altar,
          minmay_overflow_temple_star_quad, uniq_grinder
D:7:      layout_basic, uniq_joseph
D:8:      layout_layer_cave, nzn_wu_jian_council_hall, okawaru_trees_1
D:9:      layout_roguey, erik_lair_orcish_takeover, zombieorc2_lemuel,
          hangedman_weighted_door
D:10:     layout_loops_ring, minmay_fire_ice_demons
D:11:     layout_roguey [special_room_orc], serial_shops, shop
Temple:   dpeg_chambers_temple
Lair:1:   layout_long_grid, portal_ice_cave_entry_pillars_1,
          chequers_serial_rivers_micro_b, uniq_amaemon, uniq_erica,
          uniq_gastronok
IceCv:    ice_cave_small_demon

Skill      XL: |  1  2  3  4  5  6  7  8  9 10 11 |
---------------+----------------------------------+-----
Invocations    | 1 2 3 4 5 6 7 |  7.8
Short Blades   | 1 2 3 5 6 7 |  7.1
Long Blades    | 1 2 3 5 6 7 |  7.1
Axes           | 1 2 3 5 6 7 |  7.1
Maces & Flails | 1 2 3 5 6 7 |  7.1
Polearms       | 1 2 3 5 6 7 |  7.1
Staves         | 1 2 3 5 6 7 |  7.1
Ranged Weapons | 1 2 3 5 6 7 |  7.1
Throwing       | 1 2 3 5 6 7 |  7.1
Armour         | 1 2 3 5 6 7 |  7.1
Stealth        | 1 2 3 5 6 7 |  7.1
Shields        | 1 2 3 5 6 7 |  7.1
Spellcasting   | 1 2 3 5 6 7 |  7.1
Evocations     | 1 2 3 5 6 7 |  7.1
Conjurations   | 1 2 3 4 5 |  5.9
Hexes          | 1 2 3 4 5 |  5.9
Summonings     | 1 2 3 4 5 |  5.9
Necromancy     | 1 2 3 4 5 |  5.9
Translocations | 1 2 3 4 5 |  5.9
Fire Magic     | 1 2 3 4 5 |  5.9
Ice Magic      | 1 2 3 4 5 |  5.9
Air Magic      | 1 2 3 4 5 |  5.9
Earth Magic    | 1 2 3 4 5 |  5.9
Alchemy        | 1 2 3 4 5 |  5.9
Fighting       | 3 4 5 6 7 |  7.6
Dodging        | 5 6 7 8 |  8.5
Unarmed Combat | 7 8 9 |  9.7
Shapeshifting  | 7 8 9 |  9.3

Action                     |  1- 3 |  4- 6 |  7- 9 | 10-12 || total
---------------------------+-------+-------+-------+-------++-------
  Melee: Unarmed           |    63 |   119 |   289 |   620 ||  1091
         Bite              |     4 |     8 |    43 |    94 ||   149
         Punch             |       |     7 |    13 |     2 ||    22
  Throw: Boomerang         |       |     6 |    11 |     7 ||    24
         Dart              |       |       |       |    16 ||    16
Ability: Lunge             |       |       |       |    35 ||    35
         Whirlwind         |       |       |       |    34 ||    34
         Wall Jump         |       |       |       |    31 ||    31
  Evoke: Wand              |       |       |       |     1 ||     1
    Use: Scroll            |       |     5 |    11 |     7 ||    23
         Potion            |       |       |       |     4 ||     4
 Armour: Animal skin       |     8 |       |       |       ||     8
         Scale mail        |    30 |    89 |   205 |   356 ||   680
  Dodge: Dodged            |    35 |    63 |   185 |   206 ||   489
  Block: Kite shield       |       |       |       |   146 ||   146
   Form: Beast             |       |       |       |     2 ||     2
                           |       |       |       |     1 ||     1

Table legend: (Time is in decaauts)
 A = Elapsed time spent in this place.
 B = Non-inter-level travel time spent in this place.
 C = Inter-level travel time spent in this place.
 D = Time resting spent in this place.
 E = Time spent auto-exploring this place.
 F = Levels seen in this place.
 G = Mean time per level.
                   A        B        C        D        E       F      G
               +--------+--------+--------+--------+--------+-----+--------+
         Total |  11270 |  10796 |    474 |   1101 |   5544 |  14 |  805.0 |
       Dungeon |  10623 |  10149 |    474 |    876 |   5538 |  11 |  965.7 |
        Temple |     73 |     73 |      0 |      0 |      0 |   1 |   73.0 |
          Lair |     76 |     76 |      0 |      0 |      0 |   1 |   76.0 |
      Ice Cave |    497 |    497 |      0 |    225 |      6 |   1 |  497.0 |
               +--------+--------+--------+--------+--------+-----+--------+

Top non-repeatable levels by time:
     D:9: 1514 daAuts
     D:8: 1401 daAuts
     D:3: 1272 daAuts
    D:10: 1154 daAuts
     D:7: 1149 daAuts
     D:2: 933 daAuts
     D:4: 919 daAuts
     D:6: 910 daAuts
     D:5: 795 daAuts
   IceCv: 497 daAuts
     D:1: 414 daAuts
    D:11: 158 daAuts
  Lair:1: 76 daAuts
  Temple: 73 daAuts
